 Dungeon Crawl Stone Soup version 0.25-a0-285-gcba6f664f8 (webtiles) character file.

Game seed: 10997700319994249190, levelgen mode: deterministic

4 floatRand the Ruffian (level 1, 0/17 HPs)
             Began as a Ghoul Warper on Dec 11, 2019.
             Slain by a jackal (1 damage)
             ... on level 1 of the Dungeon.
             The game lasted 00:00:10 (38 turns).

floatRand the Ruffian (Ghoul Warper)                  Turns: 38, Time: 00:00:11

Health: 0/17       AC:  3    Str: 14    XL:     1   Next: 70%
Magic:  2/2        EV: 11    Int:  8    God:
Gold:   0          SH:  0    Dex:  8    Spells: 3/3 levels left

rFire    . . .     SeeInvis .     - Unarmed
rCold    + . .     Gourm    .   (no shield)
rNeg     + + +     Faith    .   a - +0 leather armour
rPois    ∞         Spirit   .   (no helmet)
rElec    .         Reflect  .   (no cloak)
rCorr    .         Harm     .   (no gloves)
MR       .....                  (no boots)
Stlth    +.........             (no amulet)
HPRegen  0.00/turn              (no ring)
MPRegen  0.08/turn              (no ring)

@: rotting
A: rotting body, claws 1, carnivore, cold resistance 1, negative energy
resistance 3, inhibited regeneration, torment resistance, unbreathing
a: no special abilities


You were on level 1 of the Dungeon.
You were not hungry.

You visited 1 branch of the dungeon, and saw 1 of its levels.

Inventory:

Missiles
 d - 5 boomerangs of dispersal (quivered)
Armour
 a - a +0 leather armour (worn)
Scrolls
 c - a scroll of blinking
Comestibles
 f - a ration


   Skills:
 - Level 2.1 Fighting
 - Level 0.8 Throwing
 - Level 0.8 Armour
 - Level 1.7 Dodging
 + Level 2.7 Unarmed Combat
 - Level 1.7 Spellcasting
   Level 2.6 Translocations


You had 3 spell levels left.
You didn't know any spells.
Your spell library contained the following spells:

 Spells                   Type           Power        Failure   Level  Hunger
 Blink                    Tloc           N/A          22%         2    ###....
 Shroud of Golubria       Chrm/Tloc      #.....       36%         2    ###....
 Gell's Gravitas          Tloc           #.........   41%         3    ####...
 Lesser Beckoning         Tloc           #.........   41%         3    ####...
 Teleport Other           Tloc           #.......     41%         3    ####...
 Passage of Golubria      Tloc           N/A          83%         4    #####..


Dungeon Overview and Level Annotations

Branches:
Dungeon (1/15)

Altars:


Innate Abilities, Weirdness & Mutations

Your body is rotting away.
You thrive on raw meat.
You are immune to poison.
You have sharp fingernails.
You are carnivorous and can eat meat at any time.
Your flesh is cold resistant. (rC+)
You are immune to negative energy. (rN+++)
You do not regenerate when monsters are visible.
You are immune to unholy pain and torment.
You can survive without breathing.


Message History

The jackal barks!
The jackal barely misses you.
Things that are here:
a +0 short sword; 3 chunks of flesh; a kobold skeleton There isn't anything to butcher here.
The jackal bites you but does no damage. x2
The jackal barely misses you.
Unknown command.
The jackal bites you.
* * * LOW HITPOINT WARNING * * *
Unknown command.
The jackal bites you.
* * * LOW HITPOINT WARNING * * *
A jackal comes into view.
You barely miss the jackal.
The jackal barks!
The jackal barely misses you. The jackal misses you.
You scratch the jackal but do no damage.
The jackal bites you.
You die...

...........
#.........#######
+..........#.....
#................
#.........>......
#..........#
##........(h#
#>...>..)>#h#
#...(.?...#@#
#.8.....8.#h#
#........)#.#
#.........#..
#.8.....8.###
#.........#
#.........#
#.8.....8.#
#.........#


You could see 3 jackals.

Vanquished Creatures
  A bat (D:1)
  A goblin (D:1)
  A hobgoblin (D:1)
  A kobold (D:1)
4 creatures vanquished.

Notes
Turn   | Place    | Note
-------+----------+-------------------------------------------
     0 | D:1      | floatRand the Ghoul Warper began the quest for the Orb.
     0 | D:1      | Reached XP level 1. HP: 17/17 MP: 2/2
    38 | D:1      | Slain by a jackal

Levels and vault maps discovered:
D:1:      lemuel_arrival_broad_hall, layout_basic, okawaru_ov_weapons_minmay

Action                   || total
-------------------------++-------
Melee: Unarmed           ||    13
Armor: Leather armour    ||     3
Dodge: Dodged            ||    15

Table legend:
 A = Non-vault XP
 B = Vault XP
 C = Vault XP percentage of total XP
 D = Non-vault monster count
 E = Vault monster count
 F = Vault count percentage of total count
                 A         B        C        D         E       F
            +---------+---------+-------+---------+---------+-------
      Total |       7 |       0 |   0.0 |       4 |       0 |   0.0
            +---------+---------+-------+---------+---------+-------
        D:1 |       7 |       0 |   0.0 |       4 |       0 |   0.0
            +---------+---------+-------+---------+---------+-------
